 Dungeon Crawl Stone Soup version 0.21-a0-538-gd16b88a (webtiles) character file.

107 theanonym the Chopper (level 4, -1/41 HPs)
             Began as a Hill Orc Monk on Dec 16, 2017.
             Slain by a worm (5 damage)
             ... in a sewer.
             The game lasted 00:06:01 (2326 turns).

theanonym the Chopper (Hill Orc Monk)               Turns: 2326, Time: 00:06:01

Health: -1/41      AC:  7    Str: 12 (14) XL:     4   Next: 86%
Magic:  4/4        EV:  9    Int:  8 (10) God:
Gold:   100        SH:  0    Dex: 10 (13) Spells: 3/3 levels left

rFire    . . .     SeeInvis .   a - +0 hand axe
rCold    . . .     Gourm    .   (no shield)
rNeg     . . .     Faith    .   h - +1 scale mail {10}
rPois    .         Spirit   .   (no helmet)
rElec    .         Reflect  .   (no cloak)
rCorr    .         Harm     .   (no gloves)
MR       .....     Rnd*Tele +   (no boots)
Stlth    ..........             (no amulet)
HPRegen  0.13/turn              o - ring of teleportation (curse) {Rnd*Tele}
MPRegen  0.09/turn              (no ring)

@: no status effects
A: no striking features
a: no special abilities


   Skills:
 + Level 4.7 Fighting
 * Level 6.3 Axes
 - Level 2.4 Dodging
 - Level 1.5 Stealth


You had 3 spell levels left.
You didn't know any spells.

Skill      XL: |  1  2  3  4 |
---------------+-------------+-----
Fighting       | 4 |  4.7
Axes           | 5 6 |  6.3
Dodging        | |  2.4
Stealth        | |  1.5

Action                   |  1- 3 |  4- 6 || total
-------------------------+-------+-------++-------
Melee: Hand axe          |   135 |   121 ||   256
  Use: Scroll            |     4 |     2 ||     6
       Potion            |       |     3 ||     3
 Stab: Sleeping          |     2 |       ||     2
  Eat: Chunk             |     2 |     3 ||     5
Armor: Robe              |     4 |       ||     4
       Scale mail        |    58 |    79 ||   137
       Chain mail        |     4 |       ||     4
Dodge: Dodged            |    71 |    85 ||   156

Inventory:

Hand Weapons
 a - a +0 hand axe (weapon)
 b - a +0 hunting sling
   (You took it off a goblin on level 2 of the Dungeon)
Missiles
 j - 43 stones (quivered)
 l - 19 sling bullets
 n - 2 tomahawks
Armour
 f - a +0 chain mail
   (You found it on level 1 of the Dungeon)
 h - a +1 scale mail (worn) {10}
   (You found it on level 1 of the Dungeon)
 p - a +0 robe {0}
Jewellery
 o - a cursed ring of teleportation (left hand) {Rnd*Tele}
   (You found it on level 2 of the Dungeon)
Scrolls
 g - a scroll of enchant armour
 i - a scroll of amnesia {unknown}
 r - a scroll of random uselessness {unknown}
 t - 2 scrolls of teleportation {!r}
Potions
 w - 2 potions of curing
Comestibles
 c - 2 bread rations
 e - 2 royal jellies
 m - 2 fruits You were in a sewer. You were not hungry. You visited 1 branch of the dungeon, and saw 3 of its levels. You also visited: Sewer. You collected 100 gold pieces.

Dungeon Overview and Level Annotations

Branches:
Dungeon (3/15)

Altars:
Kikubaaqudgha
Trog
Vehumet
Yredelemnul


Message History

You kill the ooze!
You hit the ooze. The ooze hits you but does no damage.
You hit the ooze. x2; The ooze closely misses you.
The ooze barely misses you.
Your scale mail prevents you from hitting the ooze.
You hit the ooze. The ooze closely misses you. The ooze hits you.
You slash the ooze!
You kill the ooze!
You hit the ooze but do no damage. The ooze misses you.
You completely miss the ooze. You hit the ooze.
The ooze hits you but does no damage. x2
You hit the ooze. x2; The ooze hits you.
The ooze barely misses you.
You take 2 damage, and have 38/41 hp.
You hit the ooze. You barely miss the ooze.
The ooze hits you but does no damage. The ooze closely misses you.
You hit the ooze but do no damage. You hit the ooze.
The ooze completely misses you. x2
You hit the ooze but do no damage. x2; The ooze closely misses you.
The ooze hits you but does no damage.
You slash the ooze!
You kill the ooze!
You hit the ooze. The ooze barely misses you.
You hit the ooze.
You kill the ooze!
No target in view!
No target in view!
You start resting.
Health restored: 41
There is a large open door here.
Found two gates leading back out of this place.
You open the large door.
There is a large open door here.
t - 2 scrolls of teleportation {!r} (gained 1)
d - a viscous orange potion
q - a glowing yellow potion
r - a scroll labeled BURPHE BA GEON
There is a large open door here.
You open the large door. 3 worms come into view.
There are monsters nearby!
There are monsters nearby!
Your scale mail prevents you from hitting the worm.
You hit the worm but do no damage.
Your scale mail prevents you from hitting the worm.
You hit the worm but do no damage. The worm bites you but does no damage.
You hit the worm. x2; You barely miss the worm.
The worm bites you! The worm barely misses you.
You take 9 damage, and have 32/41 hp.
MASSIVE DAMAGE!!
You hit the worm. x2; You barely miss the worm.
The worm barely misses you.
You hit the worm. You hit the worm but do no damage. You barely miss the worm.
The worm bites you but does no damage. The worm bites you. x2
You take 7 damage, and have 25/41 hp.
You barely miss the worm. You hit the worm. x2
You hit the worm.
You kill the worm!
You hit the worm. x2; The worm closely misses you.
The worm bites you.
* * * LOW HITPOINT WARNING * * *
You take 6 damage, and have 19/41 hp.
You are too injured to fight recklessly!
You are too injured to fight recklessly!
You are too injured to fight recklessly!
You are too injured to fight recklessly!
You hit the worm. You hit the worm but do no damage. The worm bites you.
* * * LOW HITPOINT WARNING * * *
You take 5 damage, and have 14/41 hp.
The worm barely misses you.
It was a potion of resistance.
You feel protected.
It was a potion of cancellation.
Your magical effects are unravelling.
You feel magically purged.
Your resistance to elements expires.
The worm bites you.
* * * LOW HITPOINT WARNING * * *
You take 4 damage, and have 10/41 hp.
It was a potion of degeneration.
There was something very wrong with that liquid.
You feel weakened.
You feel dopey.
You feel clumsy.
You hit the worm. You barely miss the worm. You hit the worm.
The worm closely misses you.
You hit the worm. x2; The worm closely misses you.
You aren't carrying any items that you can evoke.
Unknown command.
You slash the worm!
You kill the worm!
You hit the worm.
Your scale mail prevents you from hitting the worm.
The worm bites you.
* * * LOW HITPOINT WARNING * * *
You take 2 damage, and have 9/41 hp.
You hit the worm but do no damage. The worm closely misses you.
You hit the worm but do no damage. You hit the worm but do no damage.
The worm barely misses you.
You barely miss the worm. You slash the worm! The worm bites you.
* * * LOW HITPOINT WARNING * * *
You take 6 damage, and have 4/41 hp.
You hit the worm. You hit the worm but do no damage.
The worm barely misses you.
You hit the worm. The worm bites you.
You die...

###..####.≈≈#
#.#..#.##≈≈≈#
#.'..'.##≈≈≈#
#.'..'.##≈≈.#
#.#..#.##≈≈≈# #
#..####≈≈≈# #..#
#≈≈≈#
###†w####≈≈≈#
#.#@.#.##≈≈≈#
#.'..'.##≈≈≈#
#.'..'.##≈≈w#
#.#..#.##.≈≈#
###..####.≈≈#
#.≈# #.≈≈# #≈.#
#≈≈≈#
≈####≈≈####≈≈.#
≈≈≈≈≈≈≈≈≈≈≈≈≈≈≈#


You could see a worm.

Notes
Turn   | Place    | Note
-------+----------+-------------------------------------------
     0 | D:1      | theanonym the Hill Orc Monk began the quest for the Orb.
     0 | D:1      | Reached XP level 1. HP: 19/19 MP: 1/1
   216 | D:1      | Reached XP level 2. HP: 23/27 MP: 2/2
   410 | D:1      | Reached skill level 4 in Fighting
   526 | D:1      | Reached skill level 5 in Axes
   602 | D:1      | Reached XP level 3. HP: 30/33 MP: 3/3
  1418 | D:2      | Found a bloodstained altar of Trog.
  1508 | D:2      | Found a basalt altar of Yredelemnul.
  1508 | D:2      | Found an ancient bone altar of Kikubaaqudgha.
  1510 | D:2      | Found a radiant altar of Vehumet.
  1514 | D:2      | Reached XP level 4. HP: 40/41 MP: 4/4
  1907 | D:3      | Found a glowing drain.
  1943 | Sewer    | Entered a sewer
  1953 | Sewer    | HP: 20/41 [bat (1)]
  1970 | Sewer    | HP: 20/41 [bat (1)]
  2163 | Sewer    | Reached skill level 6 in Axes
  2304 | Sewer    | HP: 19/41 [worm (6)]
  2309 | Sewer    | HP: 10/41 [worm (4)]
  2318 | Sewer    | HP: 9/41 [worm (2)]
  2323 | Sewer    | HP: 4/41 [worm (6)]
  2326 | Sewer    | Slain by a worm

Vanquished Creatures
  An adder (D:2)
  5 oozes
  5 worms
  A dart slug (D:3)
  3 leopard geckos (D:1)
  2 giant cockroaches
  6 goblins
  4 hobgoblins
  3 kobolds
  2 quokkas
  3 ball pythons
  16 bats
  4 frilled lizards
  4 rats
59 creatures vanquished.

Table legend:
 A = Turns spent in this place as a percentage of turns spent in the entire game.
 B = Non-inter-level travel turns spent in this place as a percentage of non-inter-level travel turns spent in the entire game.
 C = Inter-level travel turns spent in this place as a percentage of turns spent in this place.
 D = Turns resting spent in this place as a percentage of non-inter-level travel turns spent in this place.
 E = Turns spent auto-exploring this place as a percentage of non-inter-level travel turns spent in this place.
 F = Non-inter-level travel turns spent in this place divided by the number of levels of this place that you've seen.
                   A       B       C       D       E      F
               +-------+-------+-------+-------+-------+----------------------
         Total | 100.0 | 100.0 |   1.5 |  33.3 |  44.3 | 572.8
       Dungeon |  83.5 |  83.3 |   1.8 |  31.3 |  48.0 | 636.0
         Sewer |  16.5 |  16.7 |   0.0 |  43.1 |  26.1 | 383.0
               +-------+-------+-------+-------+-------+----------------------
